Map: Lerilakgipfel

Players

xile - Winner!

  • Race: Zerg Zerg

Cauchy

  • Race: Terran Terran
  • League: Gold

VOD

Have the link to the VOD?

Description

Time

  • Played on: Feb. 14, 2016, 10:32 a.m.
  • Length: 39:10
Show
View Real Time Build Order
Export as new Build Order

xile Zerg - Winner!

Build Orders: Hatch First 

Get SALT Encoding   

  12  0:01  Drone  
  13  0:08  Drone  
  14  0:17  Overlord  
  14  0:23  Drone, Extractor  
  15  0:37  Drone x2  
  17  0:44  Drone  
  18  0:59  Hatchery  
  18  1:01  Drone  
  18  1:11  Drone  
  18  1:12  Extractor  
  18  1:22  Drone  
  19  1:26  Spawning Pool  
  18  1:40  Drone x2  
  19  2:13  Drone x4  
  23  2:17  Hatchery  
  23  2:18  Queen  
  24  2:29  Queen  
  26  2:34  Overlord  
  26  2:40  Drone  
  27  2:48  Zergling x2  
  27  2:49  Metabolic Boost  
  28  2:54  Drone x3  
  31  3:01  Drone x2  
  33  3:08  Overlord  
  33  3:13  Queen  
  36  3:27  Drone x4  
  36  3:29  Queen  
  41  3:41  Zergling x6  
  41  3:42  Zergling x4  
  46  4:02  Drone x4  
  50  4:04  Overlord x3  
  50  4:22  Queen  
  52  4:27  Drone x9  
  61  4:39  Drone x3  
  61  4:40  Drone x2  
  66  4:47  Roach Warren  
  66  4:48  Extractor  
  64  4:54  Drone x4  
  67  5:05  Zergling x10  
  72  5:12  Lair, Extractor  
  72  5:13  Extractor  
  70  5:16  Drone  
  70  5:17  Drone x4, Extractor x2  
  73  5:40  Overlord x5  
  73  5:41  Overlord x5  
  73  6:00  Drone x3  
  73  6:01  Drone x2  
  73  6:02  Drone  
  73  6:03  Roach x3  
  85  6:15  Roach x2  
  85  6:16  Roach x3  
  95  6:20  Roach  
  95  6:23  Evolution Chamber x2  
  95  6:26  Hatchery, Roach x4  
  102  6:34  Drone x2  
  102  6:35  Spore Crawler, Roach  
  102  6:36  Roach x3  
  102  6:38  Spore Crawler  
  110  6:43  Glial Reconstitution  
  110  6:47  Roach x3  
  116  7:09  Roach x7  
  129  7:15  Roach  
  129  7:16  Roach x2  
  129  7:17  Ravager  
  129  7:18  Ravager x3  
  131  7:29  Roach x2  
  131  7:32  Roach x5  
  140  7:38  Roach  
  142  7:48  Drone  
  142  7:49  Drone, Roach  
  146  7:58  Ravager x7  
  151  7:59  Ravager  
  154  8:06  Roach x3  
  157  8:13  Queen  
  157  8:16  Overlord  
  157  8:18  Zerg Missile Weapons Level 1  
  159  8:32  Overlord  
  159  8:34  Queen  
  112  8:59  Roach x7  
  112  9:00  Roach x2  
  83  9:19  Drone x3  
  83  9:20  Spire  
  85  9:27  Drone x3  
  85  9:28  Roach x3  
  85  9:31  Ravager x6  
  100  9:41  Roach x3  
  100  9:42  Roach  
  108  9:57  Drone x5  
  108  9:58  Roach x3  
  108  9:59  Roach x2  
  123  10:08  Infestation Pit  
  123  10:11  Drone x3  
  125  10:23  Roach x3  
  125  10:24  Drone  
  125  10:25  Extractor  
  125  10:26  Extractor  
  125  10:27  Spore Crawler  
  129  10:30  Roach  
  129  10:31  Roach  
  129  10:33  Drone x2  
  135  10:45  Zerg Flyer Armor Level 1  
  135  11:05  Drone x3  
  135  11:06  Mutalisk x3  
  135  11:07  Mutalisk x6  
  156  11:23  Mutalisk x3  
  162  11:37  Hive  
  162  11:51  Hatchery  
  161  11:54  Mutalisk x4  
  169  12:03  Extractor  
  168  12:08  Extractor  
  168  12:14  Overlord x4  
  167  12:16  Drone x4  
  169  12:56  Corruptor  
  169  12:57  Corruptor x9  
  169  12:58  Corruptor  
  189  13:04  Drone x2  
  189  13:05  Drone x3  
  193  13:06  Drone x3  
  197  13:23  Drone x3  
  200  13:27  Greater Spire  
  200  13:30  Zerg Missile Weapons Level 2  
  200  13:31  Zerg Ground Armor Level 1  
  200  13:34  Ultralisk Cavern  
  200  13:39  Evolution Chamber  
  198  13:56  Hatchery  
  197  14:02  Burrow  
  197  14:54  Zerg Melee Weapons Level 1  
  197  14:55  Chitinous Plating  
  179  15:29  Brood Lord x5  
  179  15:31  Zerg Flyer Armor Level 2  
  179  15:34  Corruptor x5  
  199  15:49  Spore Crawler  
  198  15:52  Spore Crawler  
  197  16:09  Spine Crawler x2  
  197  16:10  Spine Crawler  
  194  16:21  Corruptor  
  194  16:22  Corruptor x2  
  196  17:17  Corruptor x4  
  196  17:43  Corruptor  
  196  17:44  Corruptor x3  
  192  17:45  Corruptor  
  188  18:19  Corruptor x2  
  186  18:20  Corruptor  
  186  18:23  Brood Lord x2  
  192  18:40  Ultralisk x2  
  192  18:46  Ultralisk  
  192  18:47  Ultralisk x3  
  158  19:10  Spire  
  158  19:12  Zerg Missile Weapons Level 3  
  158  19:13  Zerg Melee Weapons Level 2, Zerg Ground Armor Level 2  
  158  19:15  Zerg Flyer Armor Level 3  
  147  19:31  Corruptor x6  
  147  19:32  Corruptor x4  
  167  19:43  Viper x2  
  165  20:26  Viper x4  
  177  20:39  Zerg Flyer Weapons Level 1  
  177  20:55  Drone x7  
  177  21:02  Brood Lord  
  166  21:38  Corruptor x3  
  148  21:45  Extractor  
  138  21:48  Extractor  
  128  22:00  Viper x5  
  129  23:08  Corruptor x5  
  129  23:09  Corruptor x4  
  129  23:10  Zergling x2  
  148  23:33  Corruptor x3  
  148  24:33  Viper x2  
  154  24:51  Hatchery  
  153  24:56  Ultralisk  
  153  25:01  Corruptor  
  153  25:02  Corruptor  
  133  25:26  Corruptor  
  128  25:46  Corruptor  
  130  25:50  Drone x2  
  132  26:07  Extractor  
  132  26:09  Corruptor x2, Extractor  
  134  26:27  Hatchery  
  133  26:45  Zergling x10  
  133  26:46  Zergling x26  
  151  26:59  Corruptor x3  
  146  27:39  Corruptor x2, Mutalisk  
  141  27:57  Corruptor  
  119  28:29  Ultralisk  
  119  28:34  Corruptor x2  
  117  28:37  Drone x3  
  117  28:38  Drone x3  
  125  28:53  Corruptor x2  
  129  29:23  Ultralisk  
  135  29:32  Corruptor x2  
  139  29:45  Corruptor  
  137  29:54  Corruptor  
  137  29:55  Hatchery  
  136  30:11  Corruptor  
  137  30:16  Zergling x4  
  137  30:23  Extractor  
  137  30:27  Extractor x2  
  134  30:29  Extractor  
  127  30:45  Corruptor  
  126  32:05  Corruptor x2  
  130  32:09  Hatchery  
  129  32:26  Corruptor  
  112  33:06  Corruptor x2  
  110  33:25  Mutalisk  
  110  33:29  Hatchery  
  109  33:59  Corruptor x2  
  113  34:06  Drone x18  
  113  34:35  Overseer x3  
  109  34:54  Drone x2, Extractor  
  109  34:55  Drone, Extractor  
  109  34:56  Drone x3  
  113  35:14  Corruptor x2  
  117  35:50  Corruptor x3  
  117  36:25  Corruptor x3  
  123  36:46  Drone x16  
  123  37:02  Hatchery  
  122  37:19  Corruptor x3  
  128  37:24  Ultralisk x4  
  128  37:44  Roach  
  128  38:10  Corruptor x2  
  132  38:31  Corruptor x2  
Show
View Real Time Build Order
Export as new Build Order

Cauchy Terran 

Build Orders: Mech 

Get SALT Encoding   

  12  0:01  SCV  
  13  0:13  SCV  
  14  0:18  Supply Depot  
  14  0:25  SCV  
  15  0:39  SCV  
  15  0:41  Barracks  
  16  0:52  SCV  
  16  0:54  Refinery  
  17  1:04  SCV  
  18  1:16  SCV  
  19  1:32  Marine, Supply Depot  
  20  1:36  Refinery  
  20  1:51  Command Center  
  20  1:54  SCV  
  21  2:09  Supply Depot  
  21  2:13  SCV  
  21  2:14  Barracks Reactor  
  22  2:23  Factory  
  22  2:26  SCV  
  23  2:39  Bunker  
  23  2:40  SCV  
  24  2:52  Marine x2  
  24  2:57  SCV  
  27  3:05  Factory  
  27  3:15  Orbital Command  
  27  3:27  Starport  
  27  3:31  Barracks Reactor  
  27  3:34  SCV  
  27  3:38  Orbital Command  
  28  3:49  Hellion  
  28  3:51  Hellion  
  28  3:55  Factory Tech Lab  
  32  4:06  Orbital Command  
  32  4:08  SCV  
  33  4:21  Factory  
  33  4:23  Siege Tank  
  36  4:25  Hellion  
  36  4:29  Hellion  
  40  4:31  SCV  
  40  4:33  SCV  
  42  4:43  SCV  
  42  4:45  SCV  
  44  4:46  Supply Depot  
  44  4:53  Engineering Bay  
  44  4:58  Siege Tank  
  47  5:00  Hellion  
  47  5:05  Marine  
  50  5:10  Bunker  
  50  5:12  SCV  
  51  5:14  SCV  
  51  5:16  Liberator  
  51  5:21  Refinery  
  52  5:22  Liberator  
  52  5:23  Marine  
  52  5:24  Refinery  
  52  5:25  SCV  
  52  5:26  SCV  
  55  5:30  Factory Tech Lab  
  61  5:59  Supply Depot  
  61  6:02  SCV  
  61  6:03  SCV, Hellion x2  
  67  6:04  Siege Tank  
  70  6:17  Missile Turret  
  70  6:20  Siege Tank  
  70  6:21  Missile Turret  
  70  6:23  SCV  
  70  6:24  SCV  
  75  6:41  Siege Tank  
  75  6:46  Supply Depot  
  78  6:51  Supply Depot  
  78  7:02  Hellion x2  
  78  7:04  Armory  
  78  7:06  Armory  
  73  7:48  Siege Tank x2  
  73  7:49  Hellion x2  
  83  7:57  Supply Depot  
  83  7:59  Supply Depot  
  83  8:02  Command Center  
  72  8:13  Terran Vehicle Weapons Level 1  
  72  8:14  Terran Vehicle And Ship Armor Level 1  
  72  8:21  Siege Tank  
  72  8:22  Siege Tank  
  72  8:23  Hellion x2  
  72  8:24  SCV, Liberator x2  
  83  8:29  SCV  
  84  8:46  Supply Depot  
  90  8:48  Supply Depot  
  50  9:29  Siege Tank x2  
  50  9:30  Hellion x2  
  60  9:45  Bunker  
  60  9:46  SCV x2  
  60  9:48  Bunker  
  60  9:50  Marine  
  63  9:58  SCV x2  
  63  9:59  Supply Depot  
  65  10:01  Supply Depot  
  65  10:08  Marine  
  65  10:10  SCV  
  65  10:11  SCV  
  65  10:12  Orbital Command  
  68  10:22  SCV  
  68  10:23  SCV  
  68  10:26  Marine  
  71  10:32  Terran Vehicle And Ship Armor Level 2  
  71  10:33  Terran Ship Weapons Level 1  
  71  10:35  SCV x2  
  73  10:36  Supply Depot  
  73  10:37  Supply Depot  
  73  10:41  SCV  
  74  10:43  Marine  
  74  10:47  SCV x2  
  74  10:48  Siege Tank  
  80  10:51  Siege Tank  
  80  10:53  SCV  
  84  10:59  SCV, Refinery  
  84  11:01  Marine, Refinery  
  86  11:14  Command Center  
  86  11:17  Supply Depot  
  86  11:18  Supply Depot  
  86  11:19  Marine  
  86  11:22  Siege Tank  
  90  11:41  SCV, Supply Depot  
  90  11:42  SCV x2  
  93  11:49  Thor  
  93  11:54  SCV x3, Thor  
  101  12:00  Hellion x2  
  112  12:06  SCV x2  
  114  12:14  Missile Turret x2  
  114  12:17  Missile Turret  
  114  12:19  Missile Turret  
  114  12:25  Missile Turret x3, SCV x2  
  116  12:31  Orbital Command  
  116  12:32  Siege Tank  
  116  12:34  SCV  
  120  12:42  Missile Turret  
  120  12:49  Thor  
  120  12:50  Command Center  
  125  13:02  Missile Turret x2  
  125  13:05  Hi-Sec Auto Tracking  
  125  13:07  Siege Tank  
  128  13:19  Terran Ship Weapons Level 2, Terran Vehicle And Ship Armor Level 3  
  128  13:26  Missile Turret  
  128  13:27  Missile Turret  
  128  13:30  Missile Turret  
  128  13:37  Starport  
  128  13:40  Starport  
  128  13:47  Starport  
  128  13:48  Fusion Core  
  128  13:49  Starport  
  128  14:02  Building Armor  
  128  14:18  Missile Turret  
  128  14:21  Missile Turret  
  128  14:22  Missile Turret x2  
  128  14:25  Missile Turret  
  128  14:29  Missile Turret  
  128  14:38  Planetary Fortress  
  128  14:44  Command Center  
  128  14:56  Refinery  
  128  14:57  Refinery  
  119  15:33  Missile Turret, Thor x2  
  119  15:34  Missile Turret  
  131  15:58  Starport Tech Lab x4  
  131  16:02  Terran Vehicle Weapons Level 2  
  131  16:03  Terran Ship Weapons Level 3  
  143  16:25  Battlecruiser x2  
  143  16:26  Viking, Battlecruiser x2  
  143  16:27  Viking  
  159  16:38  Missile Turret x2  
  159  16:40  Missile Turret  
  159  16:41  Missile Turret  
  159  16:42  Planetary Fortress  
  151  17:16  Viking x2  
  148  17:44  Viking x4  
  138  18:06  Viking x2  
  134  18:24  Viking x3  
  134  18:25  Viking  
  139  19:05  Thor x2  
  139  19:08  Battlecruiser x2  
  163  19:14  Refinery  
  163  19:15  Refinery  
  163  19:45  SCV  
  164  19:52  Battlecruiser x2  
  176  19:57  SCV  
  176  19:59  Missile Turret  
  177  20:00  Missile Turret  
  177  20:01  Missile Turret x2  
  177  20:08  Behemoth Reactor  
  177  20:09  Liberator  
  162  20:45  Command Center  
  99  22:16  Battlecruiser x3  
  99  22:21  Orbital Command  
  117  22:27  SCV  
  118  22:47  SCV  
  119  22:59  SCV  
  119  23:00  Battlecruiser  
  126  23:07  Refinery  
  126  23:09  Orbital Command  
  126  23:11  SCV  
  127  23:13  Refinery  
  127  23:16  SCV  
  127  23:17  SCV  
  129  23:23  SCV  
  130  23:28  SCV, Battlecruiser  
  137  23:45  Raven  
  139  24:02  SCV, Refinery  
  140  24:06  Refinery  
  140  24:15  Battlecruiser, Command Center  
  146  24:21  Hellbat x3  
  146  24:22  Hellbat  
  150  24:42  Hellbat x2  
  154  24:55  Viking x2  
  154  24:57  Battlecruiser  
  124  25:57  Battlecruiser  
  130  26:05  Command Center  
  130  26:12  Weapon Refit  
  62  31:00  Supply Depot  
  62  31:04  Supply Depot  
  62  31:06  Supply Depot  
  62  31:07  Supply Depot  
  62  31:12  Supply Depot  
  62  31:13  Supply Depot  
  62  32:43  Starport  
  61  32:44  Starport  
  61  32:46  Starport  
  40  32:56  Starport Tech Lab  
  40  32:59  Starport Tech Lab  
  27  33:30  Starport Tech Lab x2  
  27  33:31  Starport Tech Lab  
  27  33:33  Banshee x2  
  33  33:35  Cloaking Field  
  33  33:47  SCV  
  32  34:00  SCV  
  27  34:04  Banshee  
  30  34:12  SCV  
  30  34:16  Banshee  
  34  34:24  SCV  
  35  34:36  SCV  
  36  34:50  Orbital Command  
  36  36:31  Barracks x2  
  36  36:32  Barracks  
  30  36:44  Barracks  
  24  37:19  Orbital Command  
  24  37:23  Marine  
  24  37:24  Marine x2  
  24  37:29  Orbital Command  
  27  37:34  Marine  
  28  37:37  Barracks  
  28  37:39  Barracks  
  28  37:41  Marine x2  
  28  37:42  Marine, Barracks  
  31  37:44  Barracks  
  31  37:59  Marine x3  
  34  38:07  Marine  
  32  38:17  Marine x3  
  35  38:25  Marine  
  35  38:26  Marine  
  35  38:27  Marine x2  
  39  38:34  Marine  
  39  38:35  Marine x4  
  44  38:43  Marine  
  44  38:44  Marine x2  
  44  38:45  Marine  
  48  38:52  Marine x2  
Tags
 
Composition
Mech
League
Gold
Matchup
TvZ
Add a new tag
Caveats
  • Supply blocks, unpowered buildings, or Contaminate may cause inaccurate times.
  • Supply counts are checked every 10 seconds.